 Dungeon Crawl Stone Soup version 0.21-a0-404-g291f19a (webtiles) character file.

177 zodiak12 the Ruffian (level 5, -7/41 HPs)
             Began as a Draconian Transmuter on Oct 26, 2017.
             Was a Follower of Qazlal.
             Killed by divine providence
             ... invoked by an orc priest
              (12 damage)
             ... on level 4 of the Dungeon.
             The game lasted 00:25:23 (3382 turns).

zodiak12 the Ruffian (Draconian Transmuter)         Turns: 3382, Time: 00:25:24

Health: -7/41      AC:  6    Str: 14    XL:     5   Next: 30%
Magic:  8/8        EV: 13    Int: 13    God:    Qazlal [*.....]
Gold:   239        SH:  1    Dex: 11    Spells: 6/9 levels left

rFire    . . .     SeeInvis .   m - +1 mace
rCold    . . .     Gourm    .   (no shield)
rNeg     . . .     Faith    .   (armour unavailable)
rPois    .         Spirit   .   (helmet restricted)
rElec    .         Reflect  .   (no cloak)
rCorr    .         Harm     .   o - +0 pair of gloves
MR       .....                  (no boots)
Stlth    +.........             (no amulet)
HPRegen  0.13/turn              (no ring)
MPRegen  0.11/turn              (no ring)

@: no status effects
A: unfitting armour, cold-blooded, AC +5
a: Renounce Religion


You were on level 4 of the Dungeon.
You worshipped Qazlal.
Qazlal was aware of your devotion.
You were not hungry.

You visited 1 branch of the dungeon, and saw 4 of its levels.

You collected 239 gold pieces.

Inventory:

Hand Weapons
 e - a +0 club
 k - a +0 dagger
 m - a +1 mace (weapon)
 u - a +0 blowgun
Missiles
 a - an arrow
 g - 99 stones (quivered)
 t - 8 poisoned needles
Armour
 o - a +0 pair of gloves (worn)
Scrolls
 d - 2 scrolls of identify
 h - 2 scrolls of enchant armour
 l - a scroll of teleportation
Potions
 i - 2 potions of brilliance
 j - a potion of haste
 p - a potion of curing
 s - a potion of agility
 v - a potion of heal wounds {unknown}
 w - a potion of resistance {unknown}
Books
 b - a book of Changes

   Spells                             Type                      Level
   a - Beastly Appendage              Transmutation                1
   b - Sticks to Snakes               Transmutation                2
   c - Spider Form                    Transmutation/Poison         3
   d - Ice Form                       Ice/Transmutation            4
   e - Blade Hands                    Transmutation                5
 r - a book of Minor Magic

   Spells                             Type                      Level
   a - Magic Dart                     Conjuration                  1
   b - Blink                          Translocation                2
   c - Call Imp                       Summoning                    2
   d - Slow                           Hexes                        2
   e - Conjure Flame                  Conjuration/Fire             3
   f - Mephitic Cloud                 Conjuration/Poison/Air       3
Comestibles
 c - 3 bread rations


   Skills:
 * Level 2.0 Fighting
 - Level 0.1 Maces & Flails
 + Level 1.2 Throwing
 + Level 3.2 Dodging
 - Level 0.1 Stealth
 - Level 3.7 Unarmed Combat
 * Level 2.5 Spellcasting
 * Level 2.5 Transmutations
 * Level 0.2 Invocations


You had 6 spell levels left.
You knew the following spells:

 Your Spells              Type           Power        Failure   Level  Hunger
a - Beastly Appendage     Tmut           #.....       9%          1    #......
b - Sticks to Snakes      Tmut           #.......     13%         2    ###....


Dungeon Overview and Level Annotations

Branches:
Dungeon (4/15)
 Temple: D:4-7

Altars:
Gozag
Qazlal


Innate Abilities, Weirdness & Mutations

Your plain brown scales are hard. (AC +5)
You cannot fit into any form of body armour.
You are cold-blooded and may be slowed by cold attacks.


Message History

The orc priest hits you with a club.
* * * LOW HITPOINT WARNING * * *
You hit the orc priest.
The orc priest is severely wounded.
The orc priest hits you but does no damage.
You hit the orc priest.
The orc priest is severely wounded.
The orc priest hits you with a club.
* * * LOW HITPOINT WARNING * * *
You hit the orc priest.
The orc priest is almost dead.
The orc priest calls down the wrath of Beogh upon you.
Pain shoots through your body!
* * * LOW HITPOINT WARNING * * *
The orc priest hits you but does no damage.
You closely miss the orc priest.
The orc priest is almost dead.
The orc priest calls down the wrath of Beogh upon you.
Beogh smites you!
You die... . . #. .#### ..O. oo#

#o# #@# #.# #####
#.# ....# #.#
###.# #.# ..#.#
#.# #.#.# #.#
#.#.# #.#
#.#.############.#


You could see an ogre, an orc priest and 2 orcs.

Vanquished Creatures
  An orc priest (D:4)
  A worker ant (D:3)
  2 adders
  An ooze (D:1)
  2 dart slugs
  A leopard gecko (D:3)
  An orc (D:3)
  10 bats
  3 giant cockroaches
  3 goblins
  8 hobgoblins
  5 jackals
  2 quokkas
  A ball python (D:1)
  3 frilled lizards
  9 kobolds
  6 rats
59 creatures vanquished.

Vanquished Creatures (collateral kills)
  A hound (D:3)
  2 adders (D:3)
  A hobgoblin (D:3)
  A kobold (D:3)
5 creatures vanquished.

Grand Total: 64 creatures vanquished

Notes
Turn   | Place    | Note
-------+----------+-------------------------------------------
     0 | D:1      | zodiak12 the Draconian Transmuter began the quest for the Orb.
     0 | D:1      | Reached XP level 1. HP: 16/16 MP: 3/3
   325 | D:1      | Reached XP level 2. HP: 13/23 MP: 3/5
   777 | D:1      | Reached XP level 3. HP: 20/28 MP: 6/6
  1301 | D:2      | Found a stormy altar of Qazlal.
  1310 | D:2      | Became a worshipper of Qazlal Stormbringer
  1439 | D:2      | Learned a level 2 spell: Sticks to Snakes
  1946 | D:3      | Reached XP level 4. HP: 13/36 MP: 3/7
  2439 | D:3      | Reached skill level 1 in Throwing
  2736 | D:3      | Reached * piety under Qazlal
  2785 | D:3      | Found an opulent altar of Gozag.
  2843 | D:3      | Reached XP level 5. HP: 40/41 MP: 8/8
  3376 | D:4      | Noticed an ogre
  3382 | D:4      | Killed from afar by an orc priest

Vault maps used:
D:1:      minmay_arrival_doors
D:2:      minmay_misc_feat_cross, hex_tiny, grunt_qazlal_sundering
D:3:      first_bread, grunt_gozag_breadcrumbs
D:4:      old_standard_altar, uniq_eustachio

Skill      XL: |  1  2  3  4 |
---------------+-------------+-----
Dodging        | 2 3 |  3.2
Throwing       | 1 |  1.2
Fighting       | 2 |  2.0
Maces & Flails | |  0.1
Stealth        | |  0.1
Unarmed Combat | |  3.7
Spellcasting   | |  2.5
Transmutations | |  2.5
Invocations    | |  0.2

Action                   |  1- 3 |  4- 6 || total
-------------------------+-------+-------++-------
Melee: Unarmed           |    37 |       ||    37
       Tailslap          |     7 |     8 ||    15
       Club              |    26 |       ||    26
       Whip              |    33 |       ||    33
       Mace              |    49 |    82 ||   131
       Headbutt          |     2 |       ||     2
       Kick              |     1 |     2 ||     3
       Punch             |     1 |     1 ||     2
Throw: Stone             |    34 |    31 ||    65
 Cast: Beastly Appendage |    10 |     2 ||    12
       Sticks to Snakes  |     2 |     9 ||    11
  Use: Potion            |     1 |     1 ||     2
       Scroll            |     4 |     5 ||     9
  Eat: Chunk             |     2 |     2 ||     4
       Meat ration       |     1 |       ||     1
Armor: Skin              |    77 |    68 ||   145
Dodge: Dodged            |   167 |   100 ||   267
Block: Other             |       |     2 ||     2

Table legend:
 A = Spawn XP
 B = Non-spawn XP
 C = Spawn XP percentage of total XP
 D = Spawn monster count
 E = Non-spawn monster count
 F = Spawn count percentage of total count
 G = Total turns spent on level
                    A         B        C        D         E        F      G
               +---------+---------+-------+---------+---------+-------+---------
         Total |       0 |     253 |   0.0 |       0 |      64 |   0.0 |  3382
               +---------+---------+-------+---------+---------+-------+---------
           D:1 |       0 |      49 |   0.0 |       0 |      26 |   0.0 |  1193
           D:2 |       0 |      29 |   0.0 |       0 |      10 |   0.0 |   726
           D:3 |       0 |     135 |   0.0 |       0 |      27 |   0.0 |  1374
           D:4 |       0 |      40 |   0.0 |       0 |       1 |   0.0 |    89
               +---------+---------+-------+---------+---------+-------+---------
